 Dungeon Crawl Stone Soup version 0.26-a0-665-gefeb406119 (webtiles) character file.

Game seed: 7851642226672635970

2 dickylongcocking the Grave Robber (level 1, 10/10 HPs)
             Began as a Deep Elf Necromancer on Oct 14, 2020.
             Quit the game on level 1 of the Dungeon.
             The game lasted 00:00:10 (174 turns).

dickylongcocking the Grave Robber (DENe)             Turns: 174, Time: 00:00:11

Health: 10/10      AC:  2    Str:  5    XL:     1   Next: 33%
Magic:  6/6        EV: 13    Int: 19    God:
Gold:   8          SH:  0    Dex: 15    Spells: 5/6 levels left

rFire    . . .     SeeInvis .   (no weapon)
rCold    . . .     Faith    .   (no shield)
rNeg     . . .     Spirit   .   a - +0 robe
rPois    .         Reflect  .   (no helmet)
rElec    .         Harm     .   (no cloak)
rCorr    .         Rampage  .   (no gloves)
MR       .....                  (no boots)
Stlth    ++........             (no amulet)
HPRegen  0.03/turn              (no ring)
MPRegen  0.10/turn              (no ring)

@: no status effects
A: no striking features
a: no special abilities


You were on level 1 of the Dungeon.
You visited 1 branch of the dungeon, and saw 1 of its levels.

You collected 8 gold pieces.

Inventory:

Armour
 a - a +0 robe (worn)
Scrolls
 d - a scroll of identify {unknown}
Potions
 b - a potion of cancellation {unknown}
 c - a potion of brilliance {unknown}


   Skills:
 + Level 2.5 Dodging
 + Level 2.4 Stealth
 + Level 3.0 Spellcasting
 + Level 4.9 Necromancy


You had 5 spell levels left.
You knew the following spells:

 Your Spells              Type           Power        Failure   Level
a - Pain                  Necr           ###.         1%          1

Your spell library contained the following spells:

 Spells                   Type           Power        Failure   Level
 Animate Skeleton         Necr           ###...       1%          1
 Vampiric Draining        Necr           ###.......   6%          3
 Animate Dead             Necr           ###.......   21%         4
 Agony                    Necr           ###.....     50%         5


Dungeon Overview and Level Annotations

Branches:
Dungeon (1/15)

Altars:


Message History

The rat writhes in agony.
You kill the rat!
Casting: Pain (safe; 1% risk of failure)
Confirm with . or Enter, or press ? or * to list all spells.
You can't see any susceptible monsters within range! (Use Z to cast anyway.) Unknown command.
Casting: Pain (safe; 1% risk of failure)
Confirm with . or Enter, or press ? or * to list all spells.
You can't see any susceptible monsters within range! (Use Z to cast anyway.) Unknown command.
Casting: Pain (safe; 1% risk of failure)
Confirm with . or Enter, or press ? or * to list all spells.
You can't see any susceptible monsters within range! (Use Z to cast anyway.) Unknown command.
c - a white potion
d - a scroll labeled RAXKIA DELIRUU
Found a stone staircase leading down.
You now have 8 gold pieces.
A rat comes into view.
Are you sure you want to abandon this character and quit the game? (Confirm with "yes".)

.###### ......# ...
...##.# ##.## ......#
#...# .#.#..# #...#
...#..# #...# #..#..#
#...#
......#######...######
.....###........@!...#
.......................#
.....###.............#r#
#...## ######...####....
##.## #...# #.# #.#
#...# # #.# #.>.# #.#
#...# #..


You could see a rat.

Vanquished Creatures
  A bat (D:1)
  2 rats (D:1)
3 creatures vanquished.

Notes
Turn   | Place    | Note
-------+----------+-------------------------------------------
     0 | D:1      | dickylongcocking the Deep Elf Necromancer began the quest
                  | for the Orb.
     0 | D:1      | Reached XP level 1. HP: 10/10 MP: 6/6
     6 | D:1      | Noticed a hog
     6 | D:1      | Noticed a black mamba
     7 | D:1      | Noticed a swamp drake
     7 | D:1      | Noticed a swamp worm
   174 | D:1      | Quit the game

Illustrated notes

Levels and vault maps discovered:
D:1:      onia_arrival_zoo_common, layout_loops_cross, minmay_three_crescents

Action                   || total
-------------------------++-------
 Cast: Pain              ||     4
Dodge: Dodged            ||     1

Table legend: (Time is in decaauts)
 A = Elapsed time spent in this place.
 B = Non-inter-level travel time spent in this place.
 C = Inter-level travel time spent in this place.
 D = Time resting spent in this place.
 E = Time spent auto-exploring this place.
 F = Levels seen in this place.
 G = Mean time per level.
                   A        B        C        D        E       F      G
               +--------+--------+--------+--------+--------+-----+--------+
         Total |    174 |    174 |      0 |      0 |    153 |   1 |  174.0 |
       Dungeon |    174 |    174 |      0 |      0 |    153 |   1 |  174.0 |
               +--------+--------+--------+--------+--------+-----+--------+

Top non-repeatable levels by time:
     D:1: 174 daAuts
